 Dungeon Crawl Stone Soup version 0.19-a0-1899-g2d93087 (webtiles) character file.

67 Kaname the Charmwright (level 3, 0/21 HPs)
             Began as a High Elf Wanderer on Oct 20, 2016.
             Killed by nerve-wracking pain
             ... invoked by an orc priest
              (11 damage)
             ... on level 3 of the Dungeon.
             The game lasted 00:06:02 (2529 turns).

Kaname the Charmwright (High Elf Wanderer)          Turns: 2529, Time: 00:06:02

Health: 0/21       AC:  3    Str: 10    XL:     3   Next: 98%
Magic:  5/5        EV: 11    Int: 18    God:
Gold:   158        SH:  0    Dex: 14    Spells: 2 memorised, 2 levels left

rFire  . . .     SeeInvis .     k - +1 hand axe (venom)
rCold  . . .     Gourm    .     p - +0 robe (curse)
rNeg   . . .     Faith    .     (no shield)
rPois  .         Spirit   .     (no helmet)
rElec  .         Reflect  .     s - +0 cloak
rCorr  .         Harm     .     (no gloves)
MR     .....                    (no boots)
Stlth  ++........               (no amulet)
                                (no ring)
                                j - ring of wizardry

@: no status effects
A: no striking features
a: no special abilities


You were on level 3 of the Dungeon.
You were not hungry.

You visited 1 branch of the dungeon, and saw 3 of its levels.

You collected 158 gold pieces.

Inventory:

Hand Weapons
 d - a +0 blowgun
 k - a +1 hand axe of venom (weapon)
Missiles
 c - 29 poisoned needles
Armour
 p - a cursed +0 robe (worn)
 s - a +0 cloak (worn)
Jewellery
 j - a ring of wizardry (left hand)
 q - a +4 ring of strength {unknown}
Scrolls
 e - a scroll of enchant armour {unknown}
 h - a scroll of fog {unknown}
 i - 3 scrolls of remove curse {unknown}
 m - 2 scrolls of identify {unknown}
 n - a scroll of teleportation {unknown}
 o - a scroll of fear
Potions
 l - a potion of degeneration {unknown}
Books
 a - a book of Necromancy

   Spells                             Type                      Level
   a - Pain                           Necromancy                   1
   b - Animate Skeleton               Necromancy                   1
   c - Vampiric Draining              Necromancy                   3
   d - Regeneration                   Charms/Necromancy            3
   e - Animate Dead                   Necromancy                   4
   f - Control Undead                 Necromancy                   4
 b - the Grimoire of Feathers

   Spells                             Type                      Level
   a - Shock                          Conjuration/Air              1
   b - Mephitic Cloud                 Conjuration/Poison/Air       3
Comestibles
 f - 2 bread rations
 g - 4 meat rations
 r - 3 chunks of flesh
 t - 3 fruits


   Skills:
 - Level 1.0 Throwing
 - Level 1.1 Stealth
 - Level 1.2 Spellcasting
   Level 3.6 Charms
 * Level 3.2 Necromancy
   Level 1.1 Transmutations
   Level 2.0 Ice Magic


You had 2 spell levels left.
You knew the following spells:

 Your Spells              Type           Power        Failure   Level  Hunger
a - Pain                  Necr           ##..         2%          1    ##.....
b - Animate Skeleton      Necr           N/A          2%          1    ##.....


Dungeon Overview and Level Annotations

Branches:
Dungeon (3/15)

Altars:


Message History

You hit the orc priest.
The orc priest is heavily wounded.
The orc priest hits you but does no damage.
You barely miss the orc priest.
The orc priest is heavily wounded.
The orc priest closely misses you.
You barely miss the orc priest.
The orc priest is heavily wounded.
The orc priest invokes the aid of Beogh against you.
Pain shoots through your body! The orc priest hits you with a whip.
You hit the orc priest.
The orc priest looks as sick as possible!
The orc priest is severely wounded.
The orc priest completely misses you.
You hit the orc priest.
The orc priest is almost dead.
The orc priest invokes the aid of Beogh against you.
Pain shoots through your body!
Ouch! That really hurt!
You die...

################
#########.......<......#
......<...#######.#.##...
................@..#.#
.....############o..##
.###.#############.## .
.# #...........# #.# #
.###.#########.# #.# #
.....# #.# #.###.. #
##.### #.##..?.o.o.. #
##.########
#.##..o##.o..## #
..........# #..$...#
#.#..# #


You could see an orc priest.

Vanquished Creatures
  3 adders (D:2)
  A dart slug (D:2)
  2 leopard geckos
  A giant cockroach (D:1)
  2 goblins (D:1)
  7 hobgoblins
  4 jackals (D:1)
  4 kobolds
  A quokka (D:3)
  3 bats (D:1)
  2 frilled lizards
  3 rats
33 creatures vanquished.

Notes
Turn   | Place    | Note
-------+----------+-------------------------------------------
     0 | D:1      | Kaname the High Elf Wanderer began the quest for the Orb.
     0 | D:1      | Kaname set off with: a book of Necromancy, the Grimoire of Feathers, 15 poisoned needles, a +0 blowgun, a +0 robe, a bread ration
     0 | D:1      | Reached XP level 1. HP: 11/11 MP: 3/3
     0 | D:1      | Identified the Grimoire of Feathers
     2 | D:1      | Learned a level 1 spell: Pain
     4 | D:1      | Learned a level 1 spell: Animate Skeleton
   494 | D:1      | Reached XP level 2. HP: 17/17 MP: 4/4
  1367 | D:2      | Reached XP level 3. HP: 21/21 MP: 5/5
  2529 | D:3      | Killed from afar by an orc priest

Vault maps used:
D:1:      lemuel_arrival_hallway
D:3:      nicolae_overflow_hidden_temple, first_bread,
          minmay_large_rounded_square

Skill      XL: |  1  2  3 |
---------------+----------+-----
Necromancy     | 2 3 |  3.2
Throwing       | |  1.0
Stealth        | |  1.1
Spellcasting   | |  1.2
Charms         | |  3.6
Transmutations | |  1.1
Ice Magic      | |  2.0

Action                   || total
-------------------------++-------
Melee: Hand axe          ||    76
 Cast: Pain              ||    19
  Use: Scroll            ||     1
  Eat: Chunk             ||     4
       Beef jerky        ||     1
Armor: Robe              ||    16
Dodge: Dodged            ||    59
